 Dungeon Crawl Stone Soup version 0.30-a0-652-gcc886f7154 (webtiles) character file.

Game seed: 17773059719519194507

47 Newt the Shooter (level 3, -3/23 (24) HPs)
             Began as a Kobold Hunter on Jan 17, 2023.
             Slain by a wight
             ... wielding a +3 mace
              (4 damage)
             ... on level 3 of the Dungeon.
             The game lasted 00:01:33 (1897 turns).

Newt the Shooter (Kobold Hunter)                    Turns: 1897, Time: 00:01:34

HP:   -3/23 (24)    AC:  5    Str:  8    XL:     3   Next: 97%
MP:   3/3           EV: 14    Int: 10    God:
Gold: 101           SH:  0    Dex: 20    Spells: 2/2 levels left

rFire   . . .      SeeInvis +    a - +1 shortbow
rCold   . . .      Faith    .    (shield currently unavailable)
rNeg    . . .      Spirit   .    c - +0 leather armour
rPois   .          Reflect  .    (no helmet)
rElec   .          Harm     .    (no cloak)
rCorr   .          Rampage  .    d - +1 pair of gloves
Will    .....                    (no boots)
Stlth   +++                      (no amulet)
HPRegen 0.23/turn                g - ring of see invisible
MPRegen 0.08/turn                (no ring)

@: hasted, lightly drained, very quick
A: small, no large weapons, nightstalker 3
a: no special abilities


You were on level 3 of the Dungeon.
You visited 1 branch of the dungeon, and saw 3 of its levels.

You collected 101 gold pieces.

Inventory:

Hand Weapons
 a - a +1 shortbow (weapon)
Armour
 c - a +0 leather armour (worn)
 d - a +1 pair of gloves (worn)
Jewellery
 g - a ring of see invisible (left hand)
Scrolls
 b - a scroll of immolation
 e - a scroll of enchant weapon
 i - a scroll of amnesia {unknown}
 k - a scroll of noise {unknown}
Potions
 h - a potion of berserk rage {unknown}
 j - a potion of might {unknown}


   Skills:
 + Level 3.8 Fighting
 - Level 5.3 Ranged Weapons
 - Level 2.4 Dodging
 - Level 3.0 Stealth


You had 2 spell levels left.
You didn't know any spells.
Your spell library contained the following spells:

 Spells                   Type           Power      Damage    Failure   Level
 Kiss of Death            Conj/Necr      0%         2d5       50%         1
 Scorch                   Fire           0%         2d5       63%         2
 Confusing Touch          Hex            0%         N/A       86%         3
 Dispel Undead            Necr           0%         3d6       99%         4
 Iskenderun's Mystic Bla  Conj/Tloc      0%         2d3       99%         4
 Summon Forest            Summ/Tloc      0%         N/A       100%        5
 Dispersal                Tloc           0%         N/A       100%        6


Dungeon Overview and Level Annotations

Branches:
Dungeon (3/15)

Altars:
Ru


Innate Abilities, Weirdness & Mutations

You are small and have problems with some larger weapons.
You are completely attuned to the shadows.


Message History

No target in view!
No target in view!
No target in view!
k - a scroll labelled OQEQES ADIRA A wight comes into view.
It is wielding a +3 mace.
You shoot an arrow. The arrow barely misses the wight.
You shoot an arrow.
The arrow hits the wight but does no damage.
You shoot an arrow.
The arrow hits the wight but does no damage.
A wight comes into view. It is wielding a +2 mace.
The wight misses you.
A wight comes into view. It is wielding a +0 great sword.
The wight barely misses you.
The wight moves out of view.
A wight comes into view. It is wielding a +0 spear of flaming.
You shoot an arrow. The arrow hits the wight.
The wight is lightly damaged.
The wight completely misses you.
An endoplasm comes into view.
You shoot an arrow. The arrow hits the wight.
The wight is heavily damaged.
The wight closely misses you. The wight attacks as you move away!
The wight hits you with a +3 mace. The wight hits you with a +3 mace.
You feel drained.
There is a stone staircase leading down, spattered with blood here.
You shoot an arrow. The arrow hits the wight.
The wight is severely damaged.
The wight barely misses you. x2
The wight hits you from afar with a +0 spear of flaming!
The wight burns you.
* * * LOW HITPOINT WARNING * * *
You shoot an arrow.
The arrow hits the wight but does no damage.
The wight is severely damaged.
The wight hits you with a +3 mace.
* * * LOW HITPOINT WARNING * * *
The wight barely misses you.
Okay, then.
You feel yourself speed up. The wight hits you with a +3 mace.
You die...

#.# #....# #.#
#....# #.# #...##
#.# ##.## #.# #.#
#)# #.# #.# #.# #.#
#.# #@# #.# #z# #.#
##### #z# ###.#
....## #z###.#.#
###...###>##.#..#
.........z...#.###.#
#..###>.z######.#.##
#..####.#### ##.##
..##..J..J....# #.#


You could see 3 wights.

Vanquished Creatures
  3 dart slugs (D:1)
  4 endoplasms
  2 giant cockroaches
  3 goblins (D:1)
  6 hobgoblins
  4 jackals (D:2)
  2 kobolds (D:1)
  5 ball pythons
  A bat (D:1)
  2 frilled lizards
  6 rats
38 creatures vanquished.

Vanquished Creatures (others)
  A fungus (D:1)
  A plant (D:1)
2 creatures vanquished.

Grand Total: 40 creatures vanquished

Notes
Turn   | Place    | Note
-------+----------+-------------------------------------------
     0 | D:1      | Newt the Kobold Hunter began the quest for the Orb.
     0 | D:1      | Reached XP level 1. HP: 12/12 MP: 1/1
   201 | D:1      | Reached XP level 2. HP: 17/17 MP: 2/2
   464 | D:1      | Reached XP level 3. HP: 22/22 MP: 3/3
   468 | D:1      | Found a faded altar of an unknown god.
   793 | D:1      | Got the Grimoire of Shifting Ashes
  1393 | D:2      | Found a sacrificial altar of Ru.
  1873 | D:3      | Noticed a wight
  1876 | D:3      | Noticed a wight
  1876 | D:3      | Noticed a wight
  1877 | D:3      | Noticed a wight
  1896 | D:3      | HP: 1/23 [wight/+3 mace (2)]
  1897 | D:3      | Slain by a wight

Illustrated notes

Levels and vault maps discovered:
D:1:      dpeg_arrival_rooms_a, layout_basic, shapermc_ecumenical_altar_gd
D:2:      layout_loops_ring, basic_altar, chequers_serial_rivers_small_3,
          minmay_misc_feat_more_columns
D:3:      layout_loops_ring, grunt_temple_overflow_opulence

Skill      XL: |  1  2  3 |
---------------+----------+-----
Stealth        | 2 3 |  3.0
Fighting       | 3 |  3.8
Ranged Weapons | |  5.3
Dodging        | |  2.4

Action                   || total
-------------------------++-------
 Fire: Shortbow          ||    73
  Use: Scroll            ||     6
       Potion            ||     1
Armor: Leather armour    ||     6
Dodge: Dodged            ||    23

Table legend: (Time is in decaauts)
 A = Elapsed time spent in this place.
 B = Non-inter-level travel time spent in this place.
 C = Inter-level travel time spent in this place.
 D = Time resting spent in this place.
 E = Time spent auto-exploring this place.
 F = Levels seen in this place.
 G = Mean time per level.
                   A        B        C        D        E       F      G
               +--------+--------+--------+--------+--------+-----+--------+
         Total |   1922 |   1844 |     78 |      0 |   1632 |   3 |  640.7 |
       Dungeon |   1922 |   1844 |     78 |      0 |   1632 |   3 |  640.7 |
               +--------+--------+--------+--------+--------+-----+--------+

Top non-repeatable levels by time:
     D:1: 920 daAuts
     D:2: 868 daAuts
     D:3: 133 daAuts
